 Dungeon Crawl Stone Soup version 0.30-a0-739-gea05faddec (webtiles) character file.

Game seed: 6428532461109355252

147 Leeroy the Slasher (level 5, -6/26 HPs)
             Began as a Vine Stalker Warper on Feb 4, 2023.
             Killed by divine providence
             ... invoked by an orc priest
              (8 damage)
             ... on level 4 of the Dungeon.
             The game lasted 00:04:21 (2683 turns).

Leeroy the Slasher (Vine Stalker Warper)            Turns: 2683, Time: 00:04:22

Health: -6/26      AC: 11    Str: 20    XL:     5   Next: 29%
Magic:  0/9        EV:  8    Int: 13    God:
Gold:   198        SH:  0    Dex: 15    Spells: 0/8 levels left

rFire   x . .      SeeInvis .    a - +0 falchion
rCold   . . .      Faith    .    (no shield)
rNeg    + + .      Spirit   +    r - +2 chain mail "Pojag" {Harm rF- rN++ Will+}
rPois   .          Reflect  .    f - +0 helmet
rElec   .          Harm     +    (no cloak)
rCorr   .          Rampage  .    (no gloves)
Will    +....                    (no boots) Stlth
                                 m - amulet of the acrobat
HPRegen 1.04/turn                e - +6 ring of strength
MPRegen 0.11/turn                (no ring)

@: no status effects
A: fangs 2, regeneration 1, magic shield, antimagic bite, no potion heal 2
a: no special abilities


You were on level 4 of the Dungeon.
You visited 1 branch of the dungeon, and saw 4 of its levels.

You collected 198 gold pieces.

Inventory:

Hand Weapons
 a - a +0 falchion (weapon)
Missiles
 d - 7 boomerangs of dispersal (quivered)
 w - 4 boomerangs
Armour
 b - a +0 leather armour
 f - a +0 helmet (worn)
 r - the +2 chain mail "Pojag" (worn) {Harm rF- rN++ Will+}
   (You found it on level 3 of the Dungeon)

   rF:        It makes you vulnerable to fire.
   rN:        It greatly protects you from negative energy.
   Harm:      It increases damage dealt and taken.
   Will:      It increases your willpower.
Jewellery
 e - a +6 ring of strength (left hand)
 m - an amulet of the acrobat (around neck)
 p - a ring of ice
Scrolls
 c - a scroll of blinking
 h - 2 scrolls of fear {unknown}
 i - 3 scrolls of identify {unknown}
 k - 2 scrolls of enchant weapon {unknown}
 l - 5 scrolls of teleportation {unknown}
 n - a scroll of brand weapon {unknown}
 o - 2 scrolls of noise {unknown}
 q - a scroll of fog {unknown}
 s - a scroll of silence {unknown}
 u - 2 scrolls of magic mapping {unknown}
Potions
 g - 4 potions of mutation {unknown}
 j - a potion of flight {unknown}
 t - a potion of ambrosia {unknown}
 v - a potion of heal wounds {unknown}
 x - a potion of haste {unknown}


   Skills:
 - Level 1.7 Fighting
 - Level 3.1 Long Blades
 - Level 0.8 Throwing
 + Level 1.4 Armour
 - Level 2.5 Dodging
 - Level 3.1 Stealth
 - Level 2.1 Spellcasting
 - Level 3.0 Translocations


You couldn't memorise any spells.
You knew the following spells:

 Your Spells              Type           Power      Damage    Failure   Level
a - Blink                 Tloc           18%        N/A       78%         2
b - Vhi's Electric Charg  Tloc/Air       10%        N/A       99%         3
c - Confusing Touch       Hex            1%         N/A       100%        3

Your spell library contained the following spells:

 Spells                   Type           Power      Damage    Failure   Level
 Lesser Beckoning         Tloc           18%        N/A       78%         2
 Teleport Other           Tloc           9%         N/A       95%         3
 Slow                     Hex            4%         N/A       96%         1
 Summon Small Mammal      Summ           4%         N/A       96%         1
 Portal Projectile        Hex/Tloc       10%        N/A       99%         3
 Call Canine Familiar     Summ           1%         N/A       100%        3
 Summon Guardian Golem    Hex/Summ       1%         N/A       100%        3
 Tukima's Dance           Hex            1%         N/A       100%        3
 Vampiric Draining        Necr           1%         2d6       100%        3
 Leda's Liquefaction      Hex/Erth       0%         N/A       100%        4
 Manifold Assault         Tloc           9%         N/A       100%        4
 Blade Hands              Tmut           0%         N/A       100%        5


Dungeon Overview and Level Annotations

Branches:
Dungeon (4/15)
 Temple: D:4-7

Altars:


Innate Abilities, Weirdness & Mutations

You have extremely sharp teeth.
Your natural rate of healing is unusually fast.
When hurt, damage is shared between your health and your magic reserves.
Your bite disrupts and absorbs the magic of your enemies.
Potions cannot restore your health.


Message History

You bite the orc priest, but do no damage.
The orc priest hits you but does no damage.
You barely miss the orc priest. Your bite misses the orc priest.
The orc priest barely misses you.
You barely miss the orc priest. You bite the orc priest. You drain its power.
You feel invigorated.
The orc priest is lightly wounded.
The orc hits you but does no damage.
The orc priest hits you with a +0 war axe!
You are too injured to fight recklessly!
You are too injured to fight recklessly!
You are too injured to fight recklessly!
You are too injured to fight recklessly!
You are too injured to fight recklessly!
You are too injured to fight recklessly!
You hit the orc. Your bite misses the orc.
The orc is lightly wounded.
The orc hits you with a +0 short sword.
The orc priest looks encouraged for a moment.
The orc priest looks satisfied for a moment.
You closely miss the orc. Your bite misses the orc.
The orc is lightly wounded.
The orc hits you but does no damage. The orc priest barely misses you.
You closely miss the orc.
The orc is lightly wounded.
The orc hits you but does no damage.
The orc priest hits you but does no damage.
You hit the orc.
You kill the orc!
The orc priest mumbles some strange prayers to Beogh against you.
Beogh smites you!
Ouch! That really hurt!
* * * LOW HITPOINT WARNING * * *
The orc priest barely misses you.
The orc priest calls upon Beogh to heal the orc priest.
The orc priest's wounds heal themselves!
You hit the orc priest but do no damage.
The orc priest calls down the wrath of Beogh upon you.
Beogh smites you!
You die...

### #.. ## #.# ##.#
#.# ##...#
########### #.#
##....o##.........#
#.#
.....oo@..#######.##
#.. ####.######
#.....# ### #.##..#
#.##..####
#........##
#.....##.##
#..##.##.##
##..).....##
##...##.#####


You could see 3 orc priests.

Vanquished Creatures
  8 adders
  An ufetubus (D:4)
  2 dart slugs
  2 orcs
  7 bats
  5 endoplasms
  5 giant cockroaches
  3 goblins (D:1)
  2 hobgoblins
  6 jackals
  3 quokkas
  8 ball pythons
  3 frilled lizards
  4 kobolds
  6 rats
65 creatures vanquished.

Notes
Turn   | Place    | Note
-------+----------+-------------------------------------------
     0 | D:1      | Leeroy the Vine Stalker Warper began the quest for the Orb.
     0 | D:1      | Reached XP level 1. HP: 11/11 MP: 4/4
    69 | D:1      | Reached XP level 2. HP: 15/15 MP: 6/6
   662 | D:1      | Reached XP level 3. HP: 18/18 MP: 7/7
   886 | D:1      | Learned a level 2 spell: Blink
   890 | D:1      | Learned a level 3 spell: Vhi's Electric Charge
  1436 | D:2      | Gained mutation: Your natural rate of healing is unusually
                  | fast. [Vine Stalker growth]
  1436 | D:2      | Reached XP level 4. HP: 23/23 MP: 8/8
  1565 | D:2      | Reached skill level 1 in Stealth
  1903 | D:3      | Found a faded altar of an unknown god.
  1979 | D:3      | Identified the +2 chain mail "Pojag" {Harm rF- rN++ Will+}
  2323 | D:3      | Reached XP level 5. HP: 26/26 MP: 9/9
  2463 | D:4      | Learned a level 3 spell: Confusing Touch
  2557 | D:4      | Reached skill level 1 in Armour
  2682 | D:4      | HP: 1/26 [orc priest/divine providence (14)]
  2683 | D:4      | Killed from afar by an orc priest

Illustrated notes

Levels and vault maps discovered:
D:1:      spicycebolla_green_bress_n_ham, layout_loops_corners
D:2:      layout_basic
D:3:      layout_rooms, shapermc_ecumenical_altar_petra
D:4:      layout_loops_corners

Skill      XL: |  1  2  3  4  5 |
---------------+----------------+-----
Long Blades    | 2 3 |  3.1
Dodging        | 2 |  2.5
Stealth        | 3 |  3.1
Armour         | 1 |  1.4
Fighting       | |  1.7
Throwing       | |  0.8
Spellcasting   | |  2.1
Translocations | |  3.0

Action                     |  1- 3 |  4- 6 || total
---------------------------+-------+-------++-------
  Melee: Falchion          |    97 |    78 ||   175
         Bite              |    18 |    14 ||    32
         Punch             |     1 |       ||     1
   Stab: Sleeping          |     2 |     1 ||     3
 Armour: Leather armour    |    29 |     8 ||    37
         Chain mail        |       |    29 ||    29
  Dodge: Dodged            |    83 |    62 ||   145

Table legend: (Time is in decaauts)
 A = Elapsed time spent in this place.
 B = Non-inter-level travel time spent in this place.
 C = Inter-level travel time spent in this place.
 D = Time resting spent in this place.
 E = Time spent auto-exploring this place.
 F = Levels seen in this place.
 G = Mean time per level.
                   A        B        C        D        E       F      G
               +--------+--------+--------+--------+--------+-----+--------+
         Total |   2708 |   2617 |     91 |      0 |   2122 |   4 |  677.0 |
       Dungeon |   2708 |   2617 |     91 |      0 |   2122 |   4 |  677.0 |
               +--------+--------+--------+--------+--------+-----+--------+

Top non-repeatable levels by time:
     D:1: 1056 daAuts
     D:2: 828 daAuts
     D:3: 596 daAuts
     D:4: 226 daAuts
